 Dungeon Crawl Stone Soup version 0.29.1-4-g47bece8355 (webtiles) character file.

Game seed: 517419798605278598

52 DoIIoM the Caller (level 3, -3/23 HPs)
             Began as an Octopode Summoner on Dec 3, 2022.
             Killed from afar by Ijyb (10 damage)
             ... with an iceblast
             ... on level 2 of the Dungeon.
             The game lasted 00:01:46 (1424 turns).

DoIIoM the Caller (Octopode Summoner)               Turns: 1424, Time: 00:01:46

Health: -3/23      AC:  1    Str:  7    XL:     3   Next: 85%
Magic:  4/6        EV: 13    Int: 19    God:
Gold:   88         SH:  0    Dex: 12    Spells: 4/7 levels left

rFire   . . .      SeeInvis .   f - +0 mace
rCold   . . .      Faith    .   (no shield)
rNeg    . . .      Spirit   .   (helmet restricted)
rPois   .          Reflect  .   (no amulet)
rElec   .          Harm     .   (no ring)
rCorr   .          Rampage  .   (no ring)
Will    .....                   (no ring)
Stlth   +++.......              (no ring)
HPRegen 0.07/turn               (no ring)
MPRegen 0.10/turn               (no ring)
                                (no ring)
                                (no ring)

@: no status effects
A: almost no armour, amphibious, 8 rings, camouflage 1, gelatinous body 1,
(nimble swimmer 1), tentacles
a: no special abilities


You were on level 2 of the Dungeon.
You visited 1 branch of the dungeon, and saw 2 of its levels.

You collected 88 gold pieces.

Inventory:

Hand Weapons
 c - a +0 short sword
 f - a +0 mace (weapon)
Jewellery
 g - a ring of ice
Scrolls
 d - a scroll of teleportation {unknown}
Potions
 a - a potion of magic
 b - a potion of heal wounds {unknown}
 e - a potion of brilliance {unknown}


   Skills:
 + Level 1.3 Fighting
 - Level 2.0 Dodging
 + Level 3.6 Stealth
 + Level 2.5 Spellcasting
 + Level 4.3 Summonings


You had 4 spell levels left.
You knew the following spells:

 Your Spells              Type           Power      Damage    Failure   Level
a - Summon Small Mammal   Summ           76%        N/A       2%          1
b - Call Imp              Summ           19%        N/A       4%          2

Your spell library contained the following spells:

 Spells                   Type           Power      Damage    Failure   Level
 Call Canine Familiar     Summ           19%        N/A       8%          3
 Summon Guardian Golem    Hex/Summ       10%        N/A       21%         3
 Summon Lightning Spire   Summ/Air       10%        N/A       54%         4
 Orb of Destruction       Conj           1%         9d5       100%        7
 Spellforged Servitor     Conj/Summ      5%         N/A       100%        7


Dungeon Overview and Level Annotations

Branches:
Dungeon (2/15)

Altars:

Annotations:
D:2 Ijyb


Innate Abilities, Weirdness & Mutations

You cannot wear most types of armour.
You are amphibious.
You can wear up to eight rings at the same time.
Your skin changes colour to match your surroundings (Stealth+).
Your rubbery body absorbs attacks. (AC +1, EV +1)
((You are camouflaged when in or above water. (Stealth+)))
You have tentacles for arms and can constrict up to eight enemies at once.


Message History

You squeeze the hobgoblin.
You kill the hobgoblin!
You see here a hobgoblin corpse.
You hit the endoplasm.
The endoplasm is heavily wounded.
The endoplasm barely misses you. x2
You hit the endoplasm.
You kill the endoplasm!
No target in view!
A goblin comes into view. It is wielding a +0 dagger.
You see here 10 gold pieces.
A goblin is nearby!
A goblin comes into view. It is wielding a +0 club.
The goblin moves out of view.
Ijyb, 2 goblins, a rat and a quokka come into view.
Ijyb is wielding a +0 club and carrying a wand of iceblast (12).
A goblin comes into view. It is wielding a +0 club.
The goblin shouts!
You hear a shout!
Ijyb zaps a wand.
The mass of ice explodes!
The iceblast engulfs you!
Ouch! That really hurt!
The goblin shouts! x2; You hear a shout!
Unknown command.
The goblin unwields a +0 dagger.
The goblin wields a +0 sling.
The goblin shoots a sling bullet.
The sling bullet closely misses you.
Casting: Call Imp (safe; 4% risk of failure)
Confirm with . or Enter, or press ? or * to list all spells.
A beastly little devil appears in a puff of frigid air.
The quokka bites you.
You swap places.
The quokka bites your white imp.
The quokka barely misses your white imp.
Your white imp hits the quokka.
Your white imp freezes the quokka.
The quokka dies!
Your white imp hits Ijyb but does no damage.
Ijyb hits your white imp with a +0 club!
Your white imp hits Ijyb but does no damage.
Ijyb hits your white imp with a +0 club!
Your white imp dies!
Your white imp disappears in a puff of smoke!
Ijyb zaps a wand.
The mass of ice explodes!
The iceblast engulfs you!
You die...

#.#.#####.# #.#########.### #.#.#
#.# #.# #.#..
#.#.#####.###.#########.#..
#######..........................
.....<#.#...........###########..
#.......#.#####.##### #).
..###.##### #...#.###########.. .
#.# ###.#...........#..
#.#8.....8#.@....########.#..
..#..g..g.#.#.#<.....# #.#..
.##8....g8#.#.#..###.# #.#.. #.
#.......#.#.#..# #.#.. ..
#8...rg8#.#.#..# #.###
#......g#§#†#..# #.# #
#8.....8#g#.#..# #.# #
........#g#.#..###. #.###
.........g......... #....


You could see Ijyb and a goblin.

Vanquished Creatures
  An adder (D:2)
  3 ball pythons (D:1)
  4 bats
  4 endoplasms
  2 giant cockroaches (D:1)
  4 goblins
  3 hobgoblins
  3 quokkas
  2 kobolds (D:1)
  A rat (D:1)
27 creatures vanquished.

Vanquished Creatures (collateral kills)
  An adder (D:2)
  A quokka (D:2)
2 creatures vanquished.

Vanquished Creatures (others)
  2 fungi (D:2)
  5 plants (D:2)
7 creatures vanquished.

Grand Total: 36 creatures vanquished

Notes
Turn   | Place    | Note
-------+----------+-------------------------------------------
     0 | D:1      | DoIIoM the Octopode Summoner began the quest for the Orb.
     0 | D:1      | Reached XP level 1. HP: 11/11 MP: 3/3
   218 | D:1      | Reached XP level 2. HP: 15/18 MP: 5/5
   224 | D:1      | Learned a level 2 spell: Call Imp
   953 | D:2      | Reached skill level 1 in Fighting
   954 | D:2      | Reached XP level 3. HP: 23/23 MP: 6/6
  1413 | D:2      | Noticed Ijyb
  1424 | D:2      | Killed from afar by Ijyb

Illustrated notes

Levels and vault maps discovered:
D:1:      evilmike_arrival_rings, layout_basic, minmay_vboxes
D:2:      kennysheep_the_goblin_king, layout_basic,
          shapermc_ecumenical_altar_mp_ritualfount, minmay_tromino_mix6

Skill      XL: |  1  2 |
---------------+-------+-----
Stealth        | 3 |  3.6
Fighting       | 1 |  1.3
Dodging        | |  2.0
Spellcasting   | |  2.5
Summonings     | |  4.3

Action                   || total
-------------------------++-------
Melee: Unarmed           ||     7
       Short sword       ||    32
       Constrict         ||    20
       Tentacles         ||    13
       Mace              ||    24
       Punch             ||     1
 Cast: Summon Small Mamm ||     1
       Call Imp          ||     2
 Stab: Sleeping          ||     7
Armor: Skin              ||    14
Dodge: Dodged            ||    48
